Map: 休眠者之境 - 天梯版

Players

Zanster

  • Race: Zerg Zerg
  • Spawn Location: 7:00

Nice - Winner!

  • Race: Protoss Protoss
  • Spawn Location: 1:00

Event: IEM Katowice 2020

VOD

Have the link to the VOD?

Description

Time

  • Played on: Feb. 25, 2020, 5:06 a.m.
  • Length: 9:38

All games in this series

Show
View Real Time Build Order
Export as new Build Order

Zanster Zerg 

Build Orders: Hatch First 

Get SALT Encoding   

  12  0:00  Drone  
  13  0:12  Overlord  
  13  0:16  Drone  
  14  0:30  Drone  
  14  0:31  Drone  
  16  0:47  Hatchery  
  15  0:51  Drone  
  15  0:54  Drone  
  17  0:57  Drone  
  18  1:09  Extractor  
  17  1:13  Spawning Pool  
  17  1:15  Drone  
  17  1:18  Drone  
  18  1:27  Drone  
  19  1:39  Drone  
  20  1:50  Drone  
  21  1:59  Queen x2  
  21  2:00  Overlord  
  25  2:01  Zergling x2  
  26  2:09  Metabolic Boost  
  26  2:10  Zergling x2  
  26  2:11  Drone  
  28  2:21  Drone x2  
  30  2:34  Hatchery  
  30  2:35  Drone  
  30  2:38  Drone  
  30  2:43  Queen  
  33  2:47  Drone  
  33  2:51  Overlord  
  34  2:54  Drone  
  34  2:56  Drone  
  36  3:05  Overlord  
  36  3:09  Drone  
  36  3:11  Drone  
  36  3:12  Drone x2  
  40  3:17  Drone  
  40  3:19  Queen  
  43  3:23  Drone  
  44  3:27  Drone  
  44  3:33  Lair  
  45  3:35  Drone x2  
  47  3:42  Overlord  
  47  3:44  Drone x2, Roach Warren  
  47  3:46  Drone  
  47  3:47  Drone  
  50  3:51  Drone  
  51  4:00  Drone  
  51  4:01  Overlord  
  52  4:03  Extractor  
  52  4:04  Extractor  
  52  4:07  Drone x3  
  52  4:08  Drone x3  
  57  4:14  Overlord  
  53  4:17  Drone x5  
  53  4:19  Drone x2  
  60  4:24  Spore Crawler  
  60  4:26  Spore Crawler  
  60  4:28  Spore Crawler  
  60  4:29  Drone  
  60  4:30  Drone  
  58  4:31  Drone  
  58  4:32  Drone  
  58  4:35  Drone  
  58  4:36  Drone  
  62  4:39  Drone  
  62  4:40  Hydralisk Den  
  62  4:41  Drone  
  62  4:42  Drone  
  62  4:43  Drone  
  62  4:44  Drone  
  66  4:47  Drone  
  66  4:49  Drone  
  66  4:52  Overlord  
  68  4:53  Drone  
  68  4:55  Drone  
  68  4:57  Evolution Chamber  
  68  4:59  Drone x3  
  72  5:00  Drone  
  72  5:03  Overlord  
  72  5:05  Zergling x2  
  72  5:06  Zergling x2  
  73  5:09  Zergling x2  
  73  5:13  Zergling x4  
  72  5:21  Drone x4  
  72  5:23  Zerg Missile Weapons Level 1  
  72  5:25  Muscular Augments  
  74  5:29  Drone  
  74  5:30  Drone x3  
  73  5:35  Drone x4  
  73  5:36  Drone  
  73  5:41  Drone x2  
  79  5:48  Overseer  
  79  5:50  Overlord  
  79  5:51  Overlord  
  79  5:53  Overlord  
  79  5:55  Hatchery  
  78  5:59  Overlord  
  78  6:03  Drone x3  
  78  6:04  Drone  
  80  6:05  Extractor x2, Drone  
  80  6:06  Extractor  
  80  6:11  Drone x4  
  82  6:14  Hydralisk x3  
  82  6:15  Hydralisk  
  90  6:20  Hydralisk x2  
  94  6:25  Hydralisk  
  94  6:26  Hydralisk x2  
  99  6:37  Drone x2  
  99  6:39  Grooved Spines  
  99  6:40  Hydralisk x2  
  99  6:43  Overlord  
  99  6:44  Drone x2  
  105  6:47  Hydralisk x2  
  105  6:48  Hydralisk  
  111  6:56  Drone  
  111  6:58  Baneling Nest  
  111  7:01  Drone  
  111  7:03  Drone x5  
  111  7:06  Drone  
  118  7:10  Overlord  
  118  7:11  Evolution Chamber  
  117  7:16  Drone  
  117  7:17  Drone x7  
  117  7:20  Zerg Missile Weapons Level 2  
  125  7:24  Overlord  
  125  7:29  Spore Crawler  
  124  7:31  Extractor  
  124  7:33  Hydralisk, Overlord x2  
  124  7:34  Hydralisk x4  
  133  7:39  Zergling x4  
  133  7:40  Zergling x2  
  133  7:42  Overlord  
  136  7:45  Drone x2  
  138  7:51  Spire  
  138  7:54  Overlord  
  137  7:59  Drone  
  137  8:00  Hydralisk Den  
  137  8:02  Hydralisk x8  
  153  8:07  Baneling x5  
  153  8:12  Hydralisk x2  
  155  8:13  Zergling x2  
  155  8:16  Overlord x2  
  155  8:19  Overlord  
  158  8:22  Zergling x2, Hydralisk x2  
  158  8:23  Zergling x4  
  158  8:26  Overlord  
  138  8:44  Zergling x2, Hydralisk x2  
  138  8:45  Zergling x22  
  144  8:56  Hydralisk x8  
  144  8:57  Zergling x2  
  160  9:06  Hydralisk  
  160  9:09  Hydralisk x3  
  154  9:13  Baneling x6  
  150  9:22  Hatchery  
Show
View Real Time Build Order
Export as new Build Order

Nice Protoss - Winner!

Build Orders: 1 Gate Expand, Oracle Opening, Phoenix Opening 

Get SALT Encoding   

  12  0:00  Probe  
  13  0:12  Probe  
  14  0:21  Pylon  
  14  0:25  Probe  
  15  0:30  Assimilator  
  15  0:39  Probe (Chrono Boost)  
  16  0:43  Gateway  
  17  0:51  Probe (Chrono Boost)  
  17  0:56  Probe (Chrono Boost)  
  18  1:05  Probe  
  19  1:17  Probe  
  20  1:24  Nexus  
  20  1:33  Cybernetics Core  
  20  1:40  Assimilator  
  20  1:41  Probe  
  21  1:48  Pylon  
  21  1:53  Probe  
  22  2:05  Probe (Chrono Boost)  
  22  2:06  Stalker (Chrono Boost)  
  23  2:09  Warp Gate  
  25  2:17  Probe (Chrono Boost)  
  26  2:24  Probe (Chrono Boost)  
  26  2:25  Stargate  
  27  2:30  Adept  
  27  2:36  Probe x2 (Chrono Boost)  
  31  2:46  Probe (Chrono Boost)  
  31  2:48  Probe (Chrono Boost)  
  31  2:51  Probe (Chrono Boost)  
  33  2:56  Probe  
  35  3:02  Probe  
  35  3:04  Gateway  
  36  3:06  Oracle (Chrono Boost)  
  36  3:08  Probe  
  40  3:15  Probe  
  41  3:20  Probe  
  41  3:21  Pylon  
  43  3:27  Probe  
  43  3:33  Probe  
  44  3:36  Phoenix (Chrono Boost)  
  44  3:37  Pylon  
  44  3:39  Probe, Assimilator  
  47  3:42  Assimilator  
  47  3:48  Probe  
  48  3:51  Probe  
  48  3:53  Oracle (Chrono Boost)  
  52  4:02  Pylon  
  52  4:03  Probe  
  52  4:05  Probe  
  52  4:06  Robotics Facility  
  54  4:15  Probe  
  55  4:17  Probe  
  56  4:26  Oracle (Chrono Boost)  
  56  4:27  Probe  
  56  4:30  Adept x2  
  64  4:35  Pylon  
  64  4:42  Nexus  
  64  4:45  Pylon  
  64  4:46  Probe x2  
  66  4:58  Probe  
  67  5:01  Sentry  
  67  5:02  Sentry  
  67  5:03  Shield Battery  
  67  5:07  Pylon, Immortal (Chrono Boost)  
  71  5:12  Probe  
  71  5:13  Probe  
  77  5:22  Forge  
  77  5:23  Twilight Council  
  77  5:24  Probe  
  77  5:26  Probe  
  75  5:36  Probe, Robotics Bay  
  75  5:38  Probe, Robotics Facility  
  77  5:42  Sentry  
  77  5:43  Zealot  
  77  5:45  Observer  
  77  5:48  Probe  
  83  5:50  Probe  
  84  5:59  Protoss Ground Weapons Level 1  
  84  6:00  Charge  
  84  6:01  Probe (Chrono Boost)  
  84  6:02  Probe (Chrono Boost)  
  86  6:05  Probe (Chrono Boost), Gateway  
  86  6:06  Gateway  
  87  6:13  Probe (Chrono Boost)  
  87  6:15  Probe (Chrono Boost)  
  87  6:17  Probe (Chrono Boost)  
  90  6:19  Probe (Chrono Boost)  
  90  6:22  Probe (Chrono Boost), Gateway  
  90  6:23  Probe (Chrono Boost)  
  93  6:27  Gateway  
  93  6:28  Pylon  
  93  6:37  Colossus (Chrono Boost)  
  105  6:42  Colossus (Chrono Boost)  
  105  6:43  Assimilator  
  105  6:44  Extended Thermal Lance (Chrono Boost)  
  105  6:45  Pylon, Assimilator  
  105  6:48  Gateway  
  105  6:53  Probe  
  106  6:54  Gateway  
  106  6:55  Pylon  
  106  7:03  Zealot x3  
  112  7:19  Photon Cannon, Colossus (Chrono Boost)  
  118  7:27  Pylon  
  118  7:29  Pylon, Zealot x4  
  126  7:31  Templar Archives  
  128  7:45  Pylon  
  128  7:46  Probe, Pylon, Warp Prism (Chrono Boost)  
  128  7:47  Probe  
  128  7:50  Sentry  
  128  7:51  Sentry x2  
  134  7:52  Zealot x3  
  142  8:00  Pylon  
  142  8:14  Nexus  
  142  8:17  Pylon, High Templar  
  142  8:19  High Templar  
  146  8:20  Zealot x4  
  146  8:21  Pylon  
  154  8:27  Archon  
  142  8:49  Zealot x6  
  154  8:56  Zealot x2  
  154  9:11  High Templar x6  
  154  9:15  Archon x2  
  166  9:19  Photon Cannon  
  160  9:25  Archon  

Tags
 
Add a new tag
Caveats
  • Supply blocks, unpowered buildings, or Contaminate may cause inaccurate times.
  • Supply counts are checked every 10 seconds.